 Dungeon Crawl Stone Soup version 0.30-a0-169-g06f667207d (webtiles) character file.

Game seed: 17526775645631222009

641 qw the Chopper (level 7, -2/44 HPs)
             Began as a Gargoyle Fighter on Sept 30, 2022.
             Slain by Menkaure (10 damage)
             ... on level 5 of the Dungeon.
             The game lasted 00:01:32 (4230 turns).

qw the Chopper (Gargoyle Fighter)                   Turns: 4230, Time: 00:01:33

Health: -2/44      AC: 14    Str: 21    XL:     7   Next: 51%
Magic:  7/7        EV:  9    Int:  9    God:
Gold:   182        SH:  4    Dex:  9    Spells: 6/6 levels left

rFire   . . .      SeeInvis .    Y - +2 war axe
rCold   . . .      Faith    .    c - +0 buckler
rNeg    + . .      Spirit   .    b - +0 scale mail
rPois   inf        Reflect  .    m - +2 helmet
rElec   +          Harm     .    (no cloak)
rCorr   .          Rampage  .    (no gloves)
Will    .....                    (no boots)
Stlth   ..........               (no amulet)
HPRegen 0.14/turn                (no ring)
MPRegen 0.10/turn                (no ring)

@: about to teleport
A: sickness immunity, AC +4, negative energy resistance 1, electricity
resistance, torment resistance 1, petrification resistance
a: no special abilities


You were on level 5 of the Dungeon.
You visited 1 branch of the dungeon, and saw 5 of its levels.

You collected 254 gold pieces.
You spent 72 gold pieces at shops.


Innate Abilities, Weirdness & Mutations

You are immune to sickness and miasma.
Your stone body is resilient. (AC +4)
You are immune to poison.
You resist negative energy. (rN+)
You are resistant to electric shocks. (rElec)
You are resistant to unholy torment.
You are immune to petrification.


   Skills:
 - Level 4.5 Fighting
 + Level 6.7 Axes
 - Level 3.2 Armour
 - Level 1.3 Dodging
 - Level 3.2 Shields


You had 6 spell levels left.
You didn't know any spells.
Your spell library was empty.

Inventory:

Hand Weapons
 p - a +0 flail
 Y - a +2 war axe (weapon)
Armour
 b - a +0 scale mail (worn)
 c - a +0 buckler (worn)
 m - a +2 helmet (worn)
 o - the +0 leather armour of Dice, Bag, and Bottle {Contam rPois rC+++ Stlth+}
   (You found it on level 3 of the Dungeon)

   rC:        It renders you almost immune to cold.
   rPois:     It protects you from poison.
   Contam:    It causes magical contamination when unequipped.
   Stlth:     It makes you more stealthy.
Scrolls
 a - 3 scrolls of enchant armour
 e - 2 scrolls of teleportation
 h - a scroll of identify
Potions
 d - 2 potions of might
 g - a potion of lignification
 i - a potion of heal wounds {unknown}
 j - a potion of mutation {unknown}
 k - a potion of cancellation {unknown}
 l - a potion of attraction {unknown}
 n - a potion of curing
 q - a potion of haste
 r - a potion of brilliance {unknown}

Dungeon Overview and Level Annotations

Branches:
Dungeon (5/15)
 Temple: D:4-7

Altars:
Fedhas
Hepliaklqana
Wu Jian

Shops:
D:2 *

Annotations:
D:5 Menkaure


Message History

Menkaure barely misses you. The gnoll barely misses you. The phantom hits you.
The phantom blinks!
You blink.
Found a short sword.
You miss the phantom.
The phantom is almost destroyed.
The phantom hits you but does no damage.
You slash the phantom!
You destroy the phantom!
The gnoll is no longer moving quickly.
The orc wizard casts a spell at you. You resist with some effort.
Menkaure casts a spell at you.
You struggle to resist.
You feel yourself slow down.
The orc wizard casts a spell.
The orc wizard flickers and vanishes!
Deactivating autopickup; reactivate with Ctrl-A.
You barely miss the gnoll. The gnoll closely misses you.
The gnoll hits you but does no damage.
You hit Menkaure.
Menkaure is moderately damaged.
You barely miss the gnoll.
Menkaure gestures wildly while chanting.
Menkaure seems to speed up.
The gnoll hits you but does no damage.
You slash Menkaure!
Menkaure is almost destroyed.
You closely miss the gnoll. Menkaure casts a spell at you.
Pain shoots through your body! The gnoll hits you but does no damage.
Menkaure hits you!
4229 ||| READING 3 scrolls of teleportation.
As you read the scroll of teleportation, it crumbles to dust.
You feel strangely unstable. The gnoll hits you but does no damage.
Menkaure hits you.
You hit Menkaure.
Menkaure is almost destroyed.
You slash the gnoll!
A magic dart appears from out of thin air!
The magic dart hits you but does no damage.
Menkaure hits you!
You die...

..............#.. .
...........##.#.#+#.#####
>..........##.#.#.#......
##.......................
...........)).#..<.......
..............##.........
.)#.........+......##.
#....#.Mg.####....#.#
##......@.........# #
.....{............#
.....#..............#
..o..##..........##.#
.... #..........# ....
#.............
#.............
...###...##+#.. ... .##..
.


You could see Menkaure (fast) and a gnoll.

Vanquished Creatures
  An ogre (D:4)
  A phantom (D:5)
  A necrophage (D:4)
  A scorpion (D:4)
  A howler monkey (D:4)
  A jelly (D:4)
  An orc priest (D:3)
  A gnoll bouda (D:5)
  A hound (D:4)
  3 gnolls
  8 adders
  A white imp (D:4)
  A worm (D:2)
  2 dart slugs
  3 orcs (D:3)
  5 endoplasms
  2 giant cockroaches (D:1)
  18 goblins
  10 hobgoblins
  6 jackals
  2 quokkas
  6 ball pythons
  7 bats
  A frilled lizard (D:3)
  11 kobolds
  3 rats
98 creatures vanquished.

Vanquished Creatures (others)
  A plant (D:1)
1 creature vanquished.

Grand Total: 99 creatures vanquished

Notes
Turn   | Place    | Note
-------+----------+-------------------------------------------
     0 | D:1      | qw the Gargoyle Fighter began the quest for the Orb.
     0 | D:1      | Reached XP level 1. HP: 14/14 MP: 1/1
     0 | D:1      | 0 ||| qw: Version: 0.2-a-12-gaebbb33
     0 | D:1      | 0 ||| qw: Game counter: 1393
     0 | D:1      | 0 ||| qw: Always use a shield: true
     0 | D:1      | 0 ||| qw: God list: Okawaru
     0 | D:1      | 0 ||| qw: Allow faded altars: false
     0 | D:1      | 0 ||| qw: Do Orc after D:15 true
     0 | D:1      | 0 ||| qw: Do second Lair branch before Depths: true
     0 | D:1      | 0 ||| qw: Lair rune preference: random
     0 | D:1      | 0 ||| qw: Plans: Normal, Zot:1-4, God:TSO, Crypt, Tomb,
                  | Pan, Slime:5, Hells, Abyss, Orb
     0 | D:1      | 0 ||| PLANNING D:1-11
    27 | D:1      | Reached skill level 2 in Axes
    34 | D:1      | Reached XP level 2. HP: 10/19 MP: 2/2
   444 | D:1      | Reached skill level 3 in Axes
   468 | D:1      | Reached XP level 3. HP: 22/23 MP: 3/3
   599 | D:1      | Found a faded altar of an unknown god.
   879 | D:1      | 879 ||| DROPPING +0 club.
  1327 | D:1      | 1327 ||| UPGRADING to +0 helmet.
  1332 | D:1      | 1332 ||| DROPPING ring of wizardry.
  1333 | D:1      | 1333 ||| READING 5 scrolls labelled WETWOJ PAASUA.
  1334 | D:1      | 1334 ||| READING 4 scrolls of enchant armour.
  1334 | D:1      | 1334 ||| ENCHANTING +0 helmet.
  1335 | D:1      | 1335 ||| READING 3 scrolls of enchant armour.
  1335 | D:1      | 1335 ||| ENCHANTING +1 helmet.
  1336 | D:1      | 1336 ||| READING scroll labelled TIWOP BIMOOT.
  1337 | D:1      | 1337 ||| READING 2 scrolls labelled RUSYF VEKUSM.
  1338 | D:1      | 1338 ||| READING scroll labelled ICAIJO KOUL.
  1339 | D:1      | 1339 ||| READING 2 scrolls labelled ZIUNIE GIOFFAU.
  1340 | D:1      | 1340 ||| READING scroll labelled OGOCIMMEIH.
  1341 | D:1      | 1341 ||| DROPPING scroll of fear.
  1365 | D:2      | 1365 ||| STAIRDANCE
  1373 | D:2      | 1373 ||| STAIRDANCE
  1377 | D:1      | Reached XP level 4. HP: 20/28 MP: 4/4
  1468 | D:2      | 1468 ||| STAIRDANCE
  1473 | D:1      | Reached skill level 4 in Axes
  1500 | D:2      | 1500 ||| DROPPING +0 whip.
  1616 | D:2      | Found Touprann's Assorted Antiques.
  1623 | D:2      | 1623 ||| BUYING red potion (22 gold).
  1623 | D:2      | Bought a red potion for 22 gold pieces
  1623 | D:2      | 1623 ||| SHOPLISTING runed scale mail (175 gold, have 62).
  1623 | D:2      | 1623 ||| BUYING scroll labelled EFAASI DUMOMM (25 gold).
  1623 | D:2      | Bought a scroll labelled EFAASI DUMOMM for 25 gold pieces
  1623 | D:2      | 1623 ||| BUYING scroll labelled UMEMAV PUTEDAPN (25 gold).
  1623 | D:2      | Bought a scroll labelled UMEMAV PUTEDAPN for 25 gold pieces
  1623 | D:2      | 1623 ||| SHOPLISTING scroll labelled YKHAES ZINGU (25 gold,
                  | have 12).
  1623 | D:2      | 1623 ||| SHOPLISTING scroll of identify (50 gold, have 12).
  1627 | D:2      | 1627 ||| READING scroll of enchant weapon.
  1627 | D:2      | 1627 ||| ENCHANTING +1 war axe.
  1937 | D:2      | 1937 ||| READING 3 scrolls labelled UMEMAV PUTEDAPN.
  1941 | D:2      | 1941 ||| READING 3 scrolls labelled EFAASI DUMOMM.
  1942 | D:2      | 1942 ||| READING scroll labelled KIHEZU OSHROOLI.
  1943 | D:2      | 1943 ||| READING scroll labelled LAZAOM ZASK.
  1944 | D:2      | 1944 ||| DRINKING 2 metallic dark potions.
  1970 | D:2      | 1970 ||| DROPPING 2 scrolls of fog.
  1986 | D:3      | 1986 ||| STAIRDANCE
  1994 | D:3      | 1994 ||| STAIRDANCE
  2062 | D:3      | Reached XP level 5. HP: 28/32 MP: 5/5
  2105 | D:3      | Identified the +0 leather armour of Dice, Bag, and Bottle
                  | {Contam rPois rC+++ Stlth+}
  2186 | D:3      | 2186 ||| DROPPING +2 mace of holy wrath.
  2303 | D:3      | 2303 ||| Stepping ~*~*~tactically~*~*~ (stealth).
  2307 | D:3      | Reached skill level 5 in Axes
  2307 | D:3      | 2307 ||| FLEEEEING.
  2308 | D:3      | 2308 ||| FLEEEEING.
  2309 | D:3      | 2309 ||| FLEEEEING.
  2310 | D:3      | 2310 ||| FLEEEEING.
  2311 | D:3      | 2311 ||| FLEEEEING.
  2312 | D:3      | 2312 ||| FLEEEEING.
  2313 | D:3      | 2313 ||| FLEEEEING.
  2314 | D:3      | 2314 ||| FLEEEEING.
  2315 | D:3      | 2315 ||| FLEEEEING.
  2316 | D:3      | 2316 ||| FLEEEEING.
  2317 | D:3      | 2317 ||| FLEEEEING.
  2320 | D:3      | 2320 ||| FLEEEEING.
  2321 | D:3      | 2321 ||| FLEEEEING.
  2322 | D:3      | 2322 ||| FLEEEEING.
  2323 | D:3      | 2323 ||| FLEEEEING.
  2324 | D:3      | 2324 ||| FLEEEEING.
  2325 | D:3      | 2325 ||| FLEEEEING.
  2326 | D:3      | 2326 ||| FLEEEEING.
  2327 | D:3      | 2327 ||| FLEEEEING.
  2328 | D:3      | 2328 ||| FLEEEEING.
  2329 | D:3      | 2329 ||| FLEEEEING.
  2330 | D:3      | 2330 ||| FLEEEEING.
  2331 | D:3      | 2331 ||| FLEEEEING.
  2332 | D:3      | 2332 ||| FLEEEEING.
  2333 | D:3      | 2333 ||| FLEEEEING.
  2334 | D:3      | 2334 ||| FLEEEEING.
  2335 | D:3      | 2335 ||| STAIRDANCE
  2471 | D:2      | 2471 ||| READING scroll labelled SAIVUQ WOAM.
  2472 | D:2      | 2472 ||| READING scroll labelled HUAFOBBIUSO.
  2579 | D:3      | 2579 ||| STAIRDANCE
  2722 | D:3      | Found a hazy altar of Hepliaklqana.
  2826 | D:3      | 2826 ||| Stepping ~*~*~tactically~*~*~ (stealth).
  2858 | D:3      | 2858 ||| DRINKING 2 black potions.
  2953 | D:4      | Reached XP level 6. HP: 36/39 MP: 6/6
  3023 | D:4      | 3023 ||| Stepping ~*~*~tactically~*~*~ (stealth).
  3034 | D:4      | Reached skill level 1 in Dodging
  3114 | D:4      | Found an ornate altar of the Wu Jian Council.
  3216 | D:4      | 3216 ||| Stepping ~*~*~tactically~*~*~ (stealth).
  3303 | D:4      | Found a blossoming altar of Fedhas.
  3752 | D:4      | Reached skill level 6 in Axes
  3752 | D:4      | Reached XP level 7. HP: 27/44 MP: 7/7
  3925 | D:4      | 3925 ||| Stepping ~*~*~tactically~*~*~ (hiding).
  4172 | D:4      | 4172 ||| DROPPING ring of flight.
  4173 | D:4      | 4173 ||| DRINKING 2 puce potions.
  4174 | D:4      | 4174 ||| READING 2 scrolls of identify.
  4174 | D:4      | 4174 ||| IDENTIFYING fizzy amethyst potion
  4175 | D:4      | 4175 ||| DROPPING potion of degeneration.
  4203 | D:5      | Entered Level 5 of the Dungeon
  4209 | D:5      | Noticed Menkaure
  4228 | D:5      | HP: 9/44 [Menkaure (8)]
  4229 | D:5      | 4229 ||| READING 3 scrolls of teleportation.
  4230 | D:5      | Slain by Menkaure

Levels and vault maps discovered:
D:1:      dpeg_arrival_central, layout_loops_ring,
          shapermc_ecumenical_altar_ellora, minivault_26,
          hangedman_feature_mirror
D:2:      layout_rooms, serial_shops, shop
D:3:      kennysheep_six_static_rooms, layout_rooms, lemuel_doored_altar
D:4:      kennysheep_big_flooded_room, layout_gridville,
          nzn_wu_jian_council_hall, mainiacjoe_overflow_alcove_2,
          chequers_big_river, minmay_ogre_servants
D:5:      layout_basic, minmay_temple_entry_overgrown, uniq_pikel, uniq_menkaure

Skill      XL: |  1  2  3  4  5  6 |
---------------+-------------------+-----
Axes           | 2 3 4 5 6 |  6.7
Fighting       | 4 |  4.5
Dodging        | 1 |  1.3
Armour         | |  3.2
Shields        | |  3.2

Action                   |  1- 3 |  4- 6 |  7- 9 || total
-------------------------+-------+-------+-------++-------
Melee: War axe           |   107 |   141 |    23 ||   271
  Use: Scroll            |     8 |     7 |     2 ||    17
       Potion            |       |     2 |     1 ||     3
Armor: Scale mail        |    89 |    76 |    14 ||   179
Dodge: Dodged            |    73 |    52 |    13 ||   138
Block: Buckler           |    27 |    31 |     3 ||    61

Table legend:
 A = Non-vault XP
 B = Vault XP
 C = Vault XP percentage of total XP
 D = Non-vault monster count
 E = Vault monster count
 F = Vault count percentage of total count
                 A         B        C        D         E       F
            +---------+---------+-------+---------+---------+-------
      Total |     666 |     251 |  27.4 |      79 |      19 |  19.4
            +---------+---------+-------+---------+---------+-------
        D:1 |      93 |       4 |   4.1 |      33 |       2 |   5.7
        D:2 |      63 |       0 |   0.0 |      19 |       0 |   0.0
        D:3 |     101 |      23 |  18.5 |      14 |       6 |  30.0
        D:4 |     234 |     224 |  48.9 |       9 |      11 |  55.0
        D:5 |     175 |       0 |   0.0 |       4 |       0 |   0.0
            +---------+---------+-------+---------+---------+-------
